 Dungeon Crawl Stone Soup version 0.30-a0-996-ga6910c8ee8 (webtiles) character file.

Game seed: 13009895729671706015

130 Newt the Shooter (level 5, 0/31 (35) HPs)
             Began as a Kobold Hunter on Apr 4, 2023.
             Slain by a wight
             ... wielding a +1 long sword
              (8 damage)
             ... on level 3 of the Dungeon.
             The game lasted 00:01:55 (3386 turns).

Newt the Shooter (Kobold Hunter)                    Turns: 3386, Time: 00:01:57

HP:   0/31 (35)     AC:  3    Str:  8    XL:     5   Next: 36%
MP:   5/5           EV: 14    Int: 10    God:
Gold: 116           SH:  0    Dex: 21    Spells: 4/4 levels left

rFire   . . .      SeeInvis +    a - +0 shortbow
rCold   . . .      Faith    .    (shield currently unavailable)
rNeg    . . .      Spirit   .    c - +0 leather armour
rPois   .          Reflect  .    (no helmet)
rElec   .          Rampage  .    (no cloak)
rCorr   .                        (no gloves)
Will    .....                    (no boots)
Stlth   +++                      (no amulet)
HPRegen 0.25/turn                d - ring of see invisible
MPRegen 0.09/turn                (no ring)

@: heavily drained
A: small, no large weapons, nightstalker 3
a: no special abilities


You were on level 3 of the Dungeon.
You visited 1 branch of the dungeon, and saw 4 of its levels.

You collected 116 gold pieces.

Inventory:

Hand Weapons
 a - a +0 shortbow (weapon)
Armour
 c - a +0 leather armour (worn)
Jewellery
 d - a ring of see invisible (left hand)
 f - a ring of resist corrosion
 j - a ring of fire
 k - a ring of poison resistance
Scrolls
 b - a scroll of immolation
 g - 3 scrolls of identify {unknown}
 m - a scroll of magic mapping {unknown}
 o - a scroll of blinking {unknown}
 r - a scroll of fog
Potions
 e - a potion of curing
 h - a potion of heal wounds {unknown}
 i - 2 potions of might {unknown}
 l - a potion of attraction {unknown}
 n - a potion of cancellation {unknown}
 p - 2 potions of degeneration {unknown}
 q - 2 potions of ambrosia {unknown}


   Skills:
 - Level 5.0 Fighting
 + Level 6.2 Ranged Weapons
 - Level 2.4 Dodging
 - Level 1.3 Stealth


You had 4 spell levels left.
You didn't know any spells.
Your spell library was empty.

Dungeon Overview and Level Annotations

Branches:
Dungeon (4/15)
 Temple: D:4-7

Altars:
Zin


Innate Abilities, Weirdness & Mutations

You are small and have problems with some larger weapons.
You are completely attuned to the shadows.


Message History

There is an open door here.
Key pressed, stopping explore.
No target in view!
Done exploring.
Done exploring.
No target in view!
No target in view!
No target in view!
Done exploring.
Done exploring.
Search for what [Enter for "."]?
(D) Dungeon
Where to? (Enter - D:3, ? - help)
There is a stone staircase leading down here.
You climb downwards.
There is a stone staircase leading up here.
There are monsters nearby!
Okay, then.
You climb upwards.
There is a stone staircase leading down here.
Unknown command.
You shoot an arrow.
The arrow hits the wight but does no damage.
The wight hits you with a +1 long sword!
You feel drained.
You shoot an arrow. The arrow hits the wight.
The wight is lightly damaged.
The wight closely misses you.
You shoot an arrow.
The arrow hits the wight but does no damage.
The wight is lightly damaged.
The wight hits you with a +1 long sword.
You shoot an arrow.
The arrow hits the wight but does no damage.
The wight is lightly damaged.
The wight hits you with a +1 long sword!
* * * LOW HITPOINT WARNING * * *
You feel drained.
The wight hits you with a +1 long sword!
You die...

≈≈≈≈≈§≈§§≈≈.##.##......##.#.###.#
§###≈.≈###§§##...................
≈# #≈.≈# #≈.####.########...###..
≈###≈.≈###§.# #.# #.#####..
§≈≈≈≈.≈≈≈≈§.## #.# #........
..........§..###.# #.######.
≈≈≈§§§≈≈≈§§......# #.# ###.
≈###≈§≈###≈.###.z# #####.####...
≈# #≈.≈# #≈.#.#.@# #....<...#.#.
≈###≈.≈###≈......####.###....#.#.
≈≈≈≈≈.§≈§§≈......................
......§§§)§.....#####.#.#....####
§≈≈§§§§≈≈≈§.....# #.#.#.#..# #
§###§§§###§..##### #.#.#.#..# #
≈# #≈§≈# #≈......# #.#......#
≈###§§§###≈.#.##.# #........#
≈§§§§.§§§≈≈...##.# #####.####


You could see a wight.

Vanquished Creatures
  3 gnolls
  5 adders
  An ufetubus (D:3)
  A dart slug (D:2)
  4 ball pythons
  4 bats
  2 endoplasms
  2 giant cockroaches (D:1)
  4 goblins
  10 hobgoblins
  6 frilled lizards
  7 kobolds
  4 rats
53 creatures vanquished.

Notes
Turn   | Place    | Note
-------+----------+-------------------------------------------
     0 | D:1      | Newt the Kobold Hunter began the quest for the Orb.
     0 | D:1      | Reached XP level 1. HP: 12/12 MP: 1/1
   415 | D:1      | Reached XP level 2. HP: 11/18 MP: 2/2
   685 | D:1      | Found a faded altar of an unknown god.
  1342 | D:2      | Reached XP level 3. HP: 24/24 MP: 3/3
  1564 | D:2      | Reached XP level 4. HP: 30/30 MP: 4/4
  1744 | D:2      | Found a glowing silver altar of Zin.
  2078 | D:2      | Reached skill level 5 in Fighting
  2599 | D:3      | Reached XP level 5. HP: 35/35 MP: 5/5
  2705 | D:3      | Reached skill level 6 in Ranged Weapons
  3386 | D:3      | Slain by a wight

Illustrated notes

Levels and vault maps discovered:
D:1:      dpeg_arrival_arbitrary_c, layout_loops_ring,
          dreamdust_ecumenical_altar_hidden_monk_grotto, nicolae_hexahallways,
          st_stairs_9, minmay_misc_feat_rows
D:2:      layout_loops_ring, basic_altar
D:3:      layout_loops_corners, dk_vineyard_1, minivault_26, minivault_19,
          kennysheep_boxes
D:4:      layout_basic, doesnt_xom_only_xom, minmay_temple_entry_proselytizer

Skill      XL: |  1  2  3  4  5 |
---------------+----------------+-----
Fighting       | 3 4 5 |  5.0
Ranged Weapons | 6 |  6.2
Dodging        | |  2.4
Stealth        | |  1.3

Action                     |  1- 3 |  4- 6 || total
---------------------------+-------+-------++-------
   Fire: Shortbow          |    46 |   101 ||   147
    Use: Scroll            |     1 |     2 ||     3
         Potion            |     1 |       ||     1
 Armour: Leather armour    |     3 |     8 ||    11
  Dodge: Dodged            |    18 |    45 ||    63

Table legend: (Time is in decaauts)
 A = Elapsed time spent in this place.
 B = Non-inter-level travel time spent in this place.
 C = Inter-level travel time spent in this place.
 D = Time resting spent in this place.
 E = Time spent auto-exploring this place.
 F = Levels seen in this place.
 G = Mean time per level.
                   A        B        C        D        E       F      G
               +--------+--------+--------+--------+--------+-----+--------+
         Total |   3427 |   3375 |     52 |    395 |   2677 |   4 |  856.8 |
       Dungeon |   3427 |   3375 |     52 |    395 |   2677 |   4 |  856.8 |
               +--------+--------+--------+--------+--------+-----+--------+

Top non-repeatable levels by time:
     D:1: 1420 daAuts
     D:3: 1023 daAuts
     D:2: 982 daAuts
     D:4: 1 daAuts
